 Dungeon Crawl Stone Soup version 0.24-a0-584-g9d6b971ae4 (webtiles) character file.

Game seed: 1100967741115463669, levelgen mode: deterministic

207 Mithandil the Shield-Bearer (level 5, 0/46 HPs)
             Began as a Minotaur Fighter on Sept 2, 2019.
             Succumbed to a worker ant's poison
             ... on level 4 of the Dungeon.
             The game lasted 00:10:55 (1879 turns).

Mithandil the Shield-Bearer (Minotaur Fighter)      Turns: 1879, Time: 00:10:56

Health: 0/46       AC:  9    Str: 22    XL:     5   Next: 54%
Magic:  4/4        EV:  6    Int:  8    God:
Gold:   158        SH: 10    Dex:  9    Spells: 4/4 levels left

rFire    . . .     SeeInvis .   b - +0 hand axe
rCold    . . .     Gourm    .   c - +1 shield
rNeg     . . .     Faith    .   p - +0 chain mail
rPois    +         Spirit   .   (helmet restricted)
rElec    .         Reflect  .   (no cloak)
rCorr    .         Harm     .   (no gloves)
MR       .....                  (no boots)
Stlth    ..........             (no amulet)
HPRegen  0.15/turn              j - +3 ring of intelligence
MPRegen  0.09/turn              q - ring of poison resistance

@: lethally poisoned (0 -> -2)
A: retaliatory headbutt, horns 2
a: no special abilities


You were on level 4 of the Dungeon.
You were not hungry.

You visited 1 branch of the dungeon, and saw 4 of its levels.

You collected 158 gold pieces.

Inventory:

Hand Weapons
 a - a +1 long sword
 b - a +0 hand axe (weapon)
 g - a +0 dagger
 h - a +0 spear
 o - a +1 dagger of holy wrath
 r - a +0 hunting sling
Missiles
 i - 77 sling bullets
 m - 15 bolts
Armour
 c - a +1 shield (worn)
 p - a +0 chain mail (worn)
Jewellery
 j - a +3 ring of intelligence (left hand)
 q - a ring of poison resistance (right hand)
Scrolls
 e - a scroll of remove curse
 k - 3 scrolls of identify
 l - a scroll of amnesia
 s - a scroll of blinking
Potions
 d - a potion of might
Comestibles
 f - a ration
 n - 7 chunks of flesh


   Skills:
 + Level 4.3 Fighting
 * Level 4.0 Long Blades
 * Level 3.0 Axes
 + Level 4.2 Armour
 + Level 1.5 Dodging
 * Level 4.6 Shields


You had 4 spell levels left.
You didn't know any spells.
Your spell library was empty.

Dungeon Overview and Level Annotations

Branches:
Dungeon (4/15)
 Temple: D:4-7

Altars:
Gozag
Okawaru


Innate Abilities, Weirdness & Mutations

You reflexively headbutt those who attack you in melee.
You have a pair of horns on your head.


Message History

a cursed -2 mace; a +2 ring mail of fire resistance; an orc corpse You butcher the orc corpse.
Items here: % ) [ รท a cursed -2 mace; a +2 ring mail of fire resistance; 4 chunks of flesh an orc skeleton
* * * LOW HITPOINT WARNING * * *
You feel sick.
Things that are here:
a +0 club; an orc corpse You butcher the orc corpse.
Things that are here:
a +0 club; 4 chunks of flesh; an orc skeleton
n - 9 chunks of flesh (gained 4)
* * * LOW HITPOINT WARNING * * *
You feel sick.
Some of the chunks of flesh in your inventory have rotted away.
Things that are here:
a +1 dagger of holy wrath; a +0 robe
o - a +1 dagger of holy wrath You die...

##...# ##..
######....##...
.............#
............#
#.........#
##........#
#.<...).).#
#.....[.)##
#.....<@.#
#........#
###......#
####..## ..##
#..# ..## #..


There were no monsters in sight!

Vanquished Creatures
  An orc priest (D:4)
  2 orc wizards (D:4)
  A worker ant (D:4)
  4 adders
  An ooze (D:2)
  A worm (D:2)
  4 leopard geckos
  3 orcs
  5 bats
  5 goblins
  5 hobgoblins
  7 jackals (D:2)
  A quokka (D:2)
  2 ball pythons (D:1)
  4 frilled lizards
  4 kobolds
  8 rats
58 creatures vanquished.

Notes
Turn   | Place    | Note
-------+----------+-------------------------------------------
     0 | D:1      | Mithandil the Minotaur Fighter began the quest for the Orb.
     0 | D:1      | Reached XP level 1. HP: 19/19 MP: 0/0
   382 | D:2      | Reached skill level 1 in Axes
   382 | D:2      | Reached XP level 2. HP: 22/27 MP: 1/1
   532 | D:1      | Reached XP level 3. HP: 30/33 MP: 2/2
   904 | D:1      | Found an iron altar of Okawaru.
  1012 | D:2      | Reached skill level 1 in Dodging
  1054 | D:2      | Found an opulent altar of Gozag.
  1262 | D:3      | Reached XP level 4. HP: 40/40 MP: 3/3
  1861 | D:4      | Reached XP level 5. HP: 13/46 MP: 4/4
  1871 | D:4      | HP: 2/46 [poisoned by a worker ant]
  1876 | D:4      | HP: 1/46 [poisoned by a worker ant]
  1879 | D:4      | Succumbed to a worker ant's poison

Levels and vault maps discovered:
D:1:      psy_arrival_terrarium, layout_basic, okawaru_ov_weapons_minmay
D:2:      cheibrodos_old_hovel, layout_loops_ring, grunt_gozag_breadcrumbs,
          grunt_decor_clamped
D:3:      layout_basic, first_ration, minmay_box_of_dots
D:4:      kennysheep_goblin_castle, layout_cave_pods, minmay_misc_feat_columns

Skill      XL: |  1  2  3  4  5 |
---------------+----------------+-----
Axes           | 1 2 3 |  3.0
Shields        | 4 |  4.6
Long Blades    | 3 4 |  4.0
Dodging        | 1 |  1.5
Armour         | 4 |  4.2
Fighting       | 4 |  4.3

Action                   |  1- 3 |  4- 6 || total
-------------------------+-------+-------++-------
Melee: Long sword        |    62 |       ||    62
       Headbutt          |    11 |    12 ||    23
       Hand axe          |    26 |    62 ||    88
  Use: Scroll            |     9 |     2 ||    11
       Potion            |     1 |     3 ||     4
  Eat: Chunk             |     1 |     2 ||     3
Armor: Scale mail        |    35 |       ||    35
       Chain mail        |     1 |    44 ||    45
Dodge: Dodged            |    27 |    23 ||    50
Block: Shield            |    38 |    34 ||    72
       Rpst.: Long sword |    10 |       ||    10

Table legend:
 A = Non-vault XP
 B = Vault XP
 C = Vault XP percentage of total XP
 D = Non-vault monster count
 E = Vault monster count
 F = Vault count percentage of total count
                 A         B        C        D         E       F
            +---------+---------+-------+---------+---------+-------
      Total |     296 |       1 |   0.3 |      57 |       1 |   1.7
            +---------+---------+-------+---------+---------+-------
        D:1 |      23 |       0 |   0.0 |      16 |       0 |   0.0
        D:2 |      93 |       1 |   1.1 |      28 |       1 |   3.4
        D:3 |      24 |       0 |   0.0 |       7 |       0 |   0.0
        D:4 |     156 |       0 |   0.0 |       6 |       0 |   0.0
            +---------+---------+-------+---------+---------+-------
